MWL (24 & UNDER)
BARRY'S BAY ORIOLES @ LITTLE ROCK LEMMIWINKS
08/29/2028
 
TOP OF THE 1ST
Barry's Bay Orioles batting - Pitching for Little Rock Lemmiwinks : LHP Alberto Galindo
Pitching: LHP Alberto Galindo
Batting: SHB Emílio Calvillo 0-0: Ball
1-0: Swinging Strike
1-1: Foul Ball, location: 2F
1-2: Ground out 6-3 (Groundball, 56)
Batting: RHB Troy González 0-0: Called Strike
0-1: Ball
1-1: Called Strike
1-2: Ball
2-2: Strikes out swinging
Batting: SHB Garrett Waller 0-0: Ball
1-0: Called Strike
1-1: Ball
2-1: Swinging Strike
2-2: Strikes out swinging
Top of the 1st over - 0 run(s), 0 hit(s), 0 error(s), 0 left on base; Barry's Bay 0 - Little Rock 0
BOTTOM OF THE 1ST
Little Rock Lemmiwinks batting - Pitching for Barry's Bay Orioles : RHP Tim Osborne
Pitching: RHP Tim Osborne
Batting: RHB Álex Martínez 0-0: Ball
1-0: Ground out 5-3 (Groundball, 56)
Batting: RHB James Hunter 0-0: Ball
1-0: Called Strike
1-1: Ball
2-1: Ball
3-1: Called Strike
3-2: Foul Ball, location: 2F
3-2: Foul Ball, location: 2F
3-2: SINGLE (Groundball, 4MD)
Batting: RHB Bill Bourland 0-0: Ground out 5-3 (Groundball, 5S)
James Hunter to second
Batting: RHB Jaime Hernández 0-0: Ball
1-0: Called Strike
1-1: Fly out, F8 (Line Drive, 78M)
Bottom of the 1st over - 0 run(s), 1 hit(s), 0 error(s), 1 left on base; Barry's Bay 0 - Little Rock 0
TOP OF THE 2ND
Barry's Bay Orioles batting - Pitching for Little Rock Lemmiwinks : LHP Alberto Galindo
Batting: LHB Greg Sharpe 0-0: Ball
1-0: Ball
2-0: Ball
3-0: Base on Balls
Batting: LHB Lúcio Gómez 0-0: Ball
1-0: Fly out, F7 (Flyball, 7S)
Batting: RHB Jim MacAchounich 0-0: Called Strike
Greg Sharpe is caught stealing 2nd base
0-1: Ball
1-1: Foul Ball, location: 2F
1-2: Foul Ball, location: 2F
1-2: Foul Ball, location: 2F
1-2: Strikes out swinging
Top of the 2nd over - 0 run(s), 0 hit(s), 0 error(s), 0 left on base; Barry's Bay 0 - Little Rock 0
BOTTOM OF THE 2ND
Little Rock Lemmiwinks batting - Pitching for Barry's Bay Orioles : RHP Tim Osborne
Batting: RHB John Robertson 0-0: Swinging Strike
0-1: Fly out, F9 (Flyball, 9LS)
Batting: LHB Horace Kramer 0-0: Fly out, F7 (Flyball, 7LMF)
Batting: RHB Roberto Valdéz 0-0: Called Strike
0-1: Ball
1-1: Swinging Strike
1-2: Foul Ball, location: 2F
1-2: SINGLE (Groundball, 6D)
Batting: LHB Lorenzo Féliz 0-0: Called Strike
0-1: Called Strike
0-2: Ball
1-2: Ball
2-2: Ball
3-2: Ground out 6-3 (Groundball, 6)
Bottom of the 2nd over - 0 run(s), 1 hit(s), 0 error(s), 1 left on base; Barry's Bay 0 - Little Rock 0
TOP OF THE 3RD
Barry's Bay Orioles batting - Pitching for Little Rock Lemmiwinks : LHP Alberto Galindo
Batting: RHB Bart Wade 0-0: Foul Ball, location: 2F
0-1: Ball
1-1: Ball
2-1: Called Strike
2-2: Ball
3-2: Ground out U3 (Groundball, 3S)
Batting: LHB Ryan Rheaume 0-0: Swinging Strike
0-1: Ball
1-1: Ball
2-1: Swinging Strike
2-2: Foul Ball, location: 2F
2-2: Strikes out swinging
Batting: RHB River Cunningham 0-0: Called Strike
0-1: Swinging Strike
0-2: Ball
1-2: Foul Ball, location: 2F
1-2: Ball
2-2: Strikes out swinging
Top of the 3rd over - 0 run(s), 0 hit(s), 0 error(s), 0 left on base; Barry's Bay 0 - Little Rock 0
BOTTOM OF THE 3RD
Little Rock Lemmiwinks batting - Pitching for Barry's Bay Orioles : RHP Tim Osborne
Batting: RHB Álex Ochoa 0-0: DOUBLE (Line Drive, 78M)
Batting: RHB Álex Martínez 0-0: Called Strike
Álex Ochoa steals 3rd base
0-1: Ball
1-1: Swinging Strike
1-2: Foul Ball, location: 2F
1-2: Fly out, F8 (Flyball, 8LS)
Runner from 3rd tags up, SCORES, throw made
Batting: RHB James Hunter 0-0: Called Strike
0-1: Called Strike
0-2: Strikes out looking
Batting: RHB Bill Bourland 0-0: SINGLE (Groundball, 6MD)
Batting: RHB Jaime Hernández 0-0: Ball
1-0: Foul Ball, location: 2F
1-1: Called Strike
Bill Bourland steals 2nd base
1-2: 2-RUN HOME RUN (Flyball, 8LXD), Distance : 418 ft
Batting: RHB John Robertson 0-0: Foul Ball, location: 2F
0-1: Foul Ball, location: 2F
0-2: Foul Ball, location: 2F
0-2: Ground out 4-3 (Groundball, 34)
Bottom of the 3rd over - 3 run(s), 3 hit(s), 0 error(s), 0 left on base; Barry's Bay 0 - Little Rock 3
TOP OF THE 4TH
Barry's Bay Orioles batting - Pitching for Little Rock Lemmiwinks : LHP Alberto Galindo
Batting: SHB Emílio Calvillo 0-0: Ball
1-0: Fly out, F8 (Flyball, 8RS)
Batting: RHB Troy González 0-0: Ball
1-0: Ground out 6-3 (Groundball, 6)
Batting: SHB Garrett Waller 0-0: Ball
1-0: Ball
2-0: Called Strike
2-1: SINGLE (Groundball, 6MD)
Batting: LHB Greg Sharpe Pickoff Throw to First - Out!
Top of the 4th over - 0 run(s), 1 hit(s), 0 error(s), 0 left on base; Barry's Bay 0 - Little Rock 3
BOTTOM OF THE 4TH
Little Rock Lemmiwinks batting - Pitching for Barry's Bay Orioles : RHP Tim Osborne
Batting: LHB Horace Kramer 0-0: Ball
1-0: Foul Ball, location: 2F
1-1: Fly out, F8 (Line Drive, 8LM)
Batting: RHB Roberto Valdéz 0-0: SINGLE (Line Drive, 6MD)
Batting: LHB Lorenzo Féliz 0-0: Foul Ball, location: 2F
0-1: Foul Ball, location: 2F
0-2: Ball
1-2: Fly out, F8 (Flyball, 8LM)
Batting: RHB Álex Ochoa 0-0: Called Strike
0-1: Ball
1-1: Fielders Choice at 2nd, 5-4 (Groundball, 56)
Bottom of the 4th over - 0 run(s), 1 hit(s), 0 error(s), 0 left on base; Barry's Bay 0 - Little Rock 3
TOP OF THE 5TH
Barry's Bay Orioles batting - Pitching for Little Rock Lemmiwinks : LHP Alberto Galindo
Batting: LHB Greg Sharpe 0-0: Called Strike
0-1: Ball
1-1: Fly out, F6 (Line Drive, 6)
Batting: LHB Lúcio Gómez 0-0: Called Strike
0-1: Ball
1-1: Foul Ball, location: 2F
1-2: Ball
2-2: Strikes out swinging
Batting: RHB Jim MacAchounich 0-0: Fly out, F9 (Line Drive, 9D)
Top of the 5th over - 0 run(s), 0 hit(s), 0 error(s), 0 left on base; Barry's Bay 0 - Little Rock 3
BOTTOM OF THE 5TH
Little Rock Lemmiwinks batting - Pitching for Barry's Bay Orioles : RHP Tim Osborne
Batting: RHB Álex Martínez 0-0: Ball
1-0: Ball
2-0: Ball
3-0: Base on Balls
Batting: RHB James Hunter 0-0: Called Strike
0-1: Ball
Álex Martínez steals 2nd base
1-1: Foul Ball, location: 2F
1-2: Strikes out swinging
Batting: RHB Bill Bourland 0-0: Ground out 5-3 (Groundball, 5)
Batting: RHB Jaime Hernández 0-0: Ground out 4-3 (Groundball, 4M)
Bottom of the 5th over - 0 run(s), 0 hit(s), 0 error(s), 1 left on base; Barry's Bay 0 - Little Rock 3
TOP OF THE 6TH
Barry's Bay Orioles batting - Pitching for Little Rock Lemmiwinks : LHP Alberto Galindo
Batting: RHB Bart Wade 0-0: Ground out 6-3 (Groundball, 56)
Batting: LHB Ryan Rheaume 0-0: Ball
1-0: Ball
2-0: Fly out, F8 (Flyball, 8LM)
Batting: RHB River Cunningham 0-0: Called Strike
0-1: Ball
1-1: Called Strike
1-2: Ball
2-2: Ball
3-2: Ground out 1-3 (Groundball, 13)
Top of the 6th over - 0 run(s), 0 hit(s), 0 error(s), 0 left on base; Barry's Bay 0 - Little Rock 3
BOTTOM OF THE 6TH
Little Rock Lemmiwinks batting - Pitching for Barry's Bay Orioles : RHP Tim Osborne
Batting: RHB John Robertson 0-0: Ball
1-0: Fly out, F7 (Flyball, 78XD)
Batting: LHB Horace Kramer 0-0: Swinging Strike
0-1: Ball
1-1: Ball
2-1: Foul Ball, location: 2F
2-2: Ball
3-2: Base on Balls
Batting: RHB Roberto Valdéz 0-0: Ball
1-0: Foul Ball, location: 2F
1-1: Ball
2-1: Called Strike
2-2: Ball
3-2: Fly out, F8 (Flyball, 78M)
Batting: LHB Lorenzo Féliz 0-0: Called Strike
0-1: Fielders Choice at 2nd, 4-6 (Groundball, 4)
Bottom of the 6th over - 0 run(s), 0 hit(s), 0 error(s), 0 left on base; Barry's Bay 0 - Little Rock 3
TOP OF THE 7TH
Barry's Bay Orioles batting - Pitching for Little Rock Lemmiwinks : LHP Alberto Galindo
Batting: SHB Emílio Calvillo 0-0: Foul Ball, location: 2F
0-1: SINGLE (Groundball, 6MD)
Batting: RHB Troy González 0-0: Foul Ball, location: 2F
0-1: Ball
1-1: Foul Ball, location: 2F
1-2: Ball
2-2: Ball
3-2: Foul Ball, location: 2F
3-2: Strikes out looking
Batting: SHB Garrett Waller 0-0: Called Strike
0-1: Called Strike
0-2: Ball
1-2: SINGLE (Groundball, 5D)
Emílio Calvillo to second
Batting: LHB Greg Sharpe 0-0: Ball
1-0: Ball
2-0: 3-RUN HOME RUN (Flyball, 9D), Distance : 383 ft
Pitching: LHP Alfonso Viera
Batting: LHB Lúcio Gómez 0-0: Ball
1-0: Called Strike
1-1: Ball
2-1: Ground out 4-3 (Groundball, 34D)
Batting: RHB Jim MacAchounich 0-0: Foul Ball, location: 2F
0-1: Foul Ball, location: 2F
0-2: Ball
1-2: Strikes out swinging
Top of the 7th over - 3 run(s), 3 hit(s), 0 error(s), 0 left on base; Barry's Bay 3 - Little Rock 3
BOTTOM OF THE 7TH
Little Rock Lemmiwinks batting - Pitching for Barry's Bay Orioles : RHP Tim Osborne
Pinch Hitting: SHB Darrel Lang 0-0: Swinging Strike
0-1: Ball
1-1: SINGLE (Flyball, 9S)
Pitching: RHP Richard Manley
Batting: RHB Álex Martínez 0-0: Called Strike
0-1: Bunt missed!
0-2: Ball
Wild Pitch!
Darrel Lang to second
1-2: Foul Ball, location: 2F
1-2: Ball
2-2: Ball
3-2: Foul Ball, location: 2F
3-2: Foul Ball, location: 2F
3-2: Base on Balls
Batting: RHB James Hunter 0-0: Called Strike
0-1: Called Strike
0-2: Ball
1-2: Foul Ball, location: 2F
1-2: Ball
2-2: Foul Ball, location: 2F
2-2: Ball
3-2: Foul Ball, location: 2F
3-2: Foul Ball, location: 2F
3-2: Base on Balls
Darrel Lang to third
Álex Martínez to second
Batting: RHB Bill Bourland 0-0: Ball
1-0: Grounds into double play, 6-2-3 (Groundball, 6)
Álex Martínez to third
James Hunter to second
Batting: RHB Jaime Hernández 0-0: Ball
1-0: Fly out, F9 (Flyball, 9)
Bottom of the 7th over - 0 run(s), 1 hit(s), 0 error(s), 2 left on base; Barry's Bay 3 - Little Rock 3
TOP OF THE 8TH
Barry's Bay Orioles batting - Pitching for Little Rock Lemmiwinks : LHP Alfonso Viera
Now in CF: Francisco Gonzáles
Pinch Hitting: RHB Juan Morales 0-0: Ball
1-0: Swinging Strike
1-1: Foul Ball, location: 2F
1-2: Strikes out looking
Pinch Hitting: RHB Octávio Aldeguer 0-0: Ball
1-0: Called Strike
1-1: Foul Ball, location: 2F
1-2: Ball
2-2: Foul Ball, location: 2F
2-2: Strikes out swinging
Batting: RHB River Cunningham 0-0: Ball
1-0: Foul Ball, location: 2F
1-1: Ball
2-1: Ball
3-1: Swinging Strike
3-2: Strikes out swinging
Top of the 8th over - 0 run(s), 0 hit(s), 0 error(s), 0 left on base; Barry's Bay 3 - Little Rock 3
BOTTOM OF THE 8TH
Little Rock Lemmiwinks batting - Pitching for Barry's Bay Orioles : RHP Richard Manley
Now at SS: Octávio Aldeguer
Now in CF: Manny Gutiérrez
Batting: RHB John Robertson 0-0: Called Strike
0-1: Ball
1-1: DOUBLE (Flyball, 8RXD) - OUT at third base trying to stretch hit.
Pitching: LHP Bernardo Valero
Pinch Hitting: RHB Gustavo Medine 0-0: Called Strike
0-1: Ball
1-1: SINGLE (Flyball, 9LS)
Pinch Hitting: RHB Ánibal Soto 0-0: Ball
1-0: Ball
2-0: Ball
3-0: Base on Balls
Gustavo Medine to second
Pinch Hitting: RHB Ernesto Villa 0-0: Called Strike
0-1: Ball
1-1: Foul Ball, location: 2F
1-2: Foul Ball, location: 2F
1-2: Ball
Wild Pitch!
Gustavo Medine to third
Ánibal Soto to second
2-2: Foul Ball, location: 2F
2-2: Ball
3-2: Intentional Walk
Pitching: RHP Félix González
Pinch Hitting: LHB Claudio Palácios 0-0: Foul Ball, location: 2F
0-1: Called Strike
0-2: Strikes out swinging
Batting: RHB Álex Martínez 0-0: Called Strike
0-1: Called Strike
0-2: Foul Ball, location: 2F
0-2: Ball
1-2: SINGLE (Line Drive, 4D)
Gustavo Medine scores
Ánibal Soto to third
Ernesto Villa to second
Batting: RHB James Hunter 0-0: Ball
1-0: Called Strike
1-1: Reached on error, E9 (Flyball, 9LS)
Ánibal Soto scores
Ernesto Villa scores
Álex Martínez to third
Batting: RHB Bill Bourland 0-0: Foul Ball, location: 2F
0-1: Foul Ball, location: 2F
0-2: Foul Ball, location: 2F
0-2: Strikes out swinging
Bottom of the 8th over - 3 run(s), 3 hit(s), 1 error(s), 2 left on base; Barry's Bay 3 - Little Rock 6
TOP OF THE 9TH
Barry's Bay Orioles batting - Pitching for Little Rock Lemmiwinks : LHP Alfonso Viera
Pitching: RHP José Peña
Now at 1B: Gustavo Medine
Now at 2B: Ernesto Villa
Now at 3B: Ánibal Soto
Now in CF: Claudio Palácios
Batting: SHB Emílio Calvillo 0-0: Called Strike
0-1: Ball
1-1: SINGLE (Line Drive, 9S)
Batting: RHB Troy González 0-0: Ball
1-0: Called Strike
1-1: Foul Ball, location: 2F
1-2: Foul Ball, location: 2F
1-2: Grounds into double play, 6-4-3 (Groundball, 6)
Batting: SHB Garrett Waller 0-0: Called Strike
0-1: Fly out, F9 (Flyball, 89M)
Top of the 9th over - 0 run(s), 1 hit(s), 0 error(s), 0 left on base; Barry's Bay 3 - Little Rock 6
Tuesday, August 8th, 2017 - OOTP Baseball 17.12 Build 75